Map: Kairos Junction LE

Players

HeroMarine

  • Race: Terran Terran
  • Spawn Location: 11:00

DnS - Winner!

  • Race: Protoss Protoss
  • Spawn Location: 5:00

Event: 2019 WCS Spring

VOD

Have the link to the VOD?

Description

Time

  • Played on: May 18, 2019, 9:47 a.m.
  • Length: 12:34

All games in this series

Show
View Real Time Build Order
Export as new Build Order

HeroMarine Terran 

Build Orders: Reaper Expand 

Get SALT Encoding   

  12  0:00  SCV  
  13  0:13  SCV  
  14  0:17  Supply Depot  
  14  0:25  SCV  
  15  0:38  SCV  
  15  0:40  Barracks  
  16  0:43  Refinery  
  16  0:50  SCV  
  17  1:03  SCV  
  18  1:15  SCV  
  19  1:27  Reaper  
  19  1:28  Orbital Command  
  20  1:45  Command Center  
  20  1:53  SCV  
  21  1:56  Supply Depot  
  21  1:59  Barracks Reactor  
  21  2:05  SCV  
  21  2:07  Refinery  
  22  2:18  SCV  
  23  2:23  Factory  
  23  2:30  SCV  
  23  2:35  Marine x2  
  26  2:42  SCV  
  27  2:56  SCV, Marine x2  
  27  2:57  Orbital Command  
  30  3:08  SCV  
  30  3:10  Starport, Widow Mine  
  33  3:15  Marine x2  
  35  3:20  SCV  
  35  3:23  SCV  
  37  3:30  Supply Depot  
  37  3:31  Widow Mine  
  37  3:32  SCV  
  37  3:33  Marine x2  
  42  3:35  SCV  
  43  3:44  SCV  
  43  3:47  Medivac  
  46  3:52  SCV, Marine x2  
  46  3:53  Supply Depot  
  46  3:54  Bunker, Factory Tech Lab  
  49  3:56  SCV  
  50  4:04  SCV  
  50  4:08  SCV  
  52  4:10  Marine x2  
  52  4:15  Siege Tank  
  52  4:17  SCV, Supply Depot  
  58  4:20  SCV  
  58  4:21  Starport Tech Lab  
  58  4:23  Barracks  
  59  4:29  SCV  
  59  4:31  Refinery  
  60  4:32  SCV  
  61  4:41  SCV, Marine x2  
  61  4:44  SCV  
  61  4:45  Raven  
  66  4:47  Barracks  
  66  4:50  Supply Depot  
  66  4:51  Siege Tank  
  69  4:57  SCV  
  70  5:05  Engineering Bay  
  70  5:07  Supply Depot  
  70  5:11  Marine x2  
  70  5:12  SCV  
  70  5:13  SCV  
  74  5:19  Supply Depot  
  74  5:24  SCV  
  74  5:26  SCV  
  76  5:29  Refinery  
  76  5:31  Marauder, Stimpack, Factory Tech Lab  
  76  5:32  Terran Infantry Weapons Level 1  
  76  5:33  Starport Reactor  
  78  5:36  SCV  
  78  5:39  SCV  
  80  5:45  Combat Shield  
  80  5:46  Marauder  
  80  5:48  SCV  
  83  5:52  Marauder, Supply Depot  
  83  5:56  Marine x2  
  87  5:59  Siege Tank  
  87  6:02  Supply Depot  
  90  6:08  Marauder  
  92  6:13  Medivac  
  92  6:14  Marauder, Marine x2  
  96  6:20  Medivac  
  94  6:25  Supply Depot  
  94  6:29  Marauder  
  94  6:32  Marine x2  
  98  6:35  Marauder  
  98  6:39  Siege Tank  
  103  6:40  Command Center  
  103  6:47  Medivac  
  103  6:50  Marine x3  
  103  6:52  SCV x2  
  110  6:56  Marine  
  110  6:57  Medivac  
  110  7:00  Barracks x2  
  113  7:07  Marine  
  113  7:08  Marauder, Marine  
  109  7:14  Marauder  
  111  7:17  Medivac  
  113  7:25  Marine  
  113  7:26  SCV x2  
  113  7:27  Supply Depot  
  118  7:30  Marauder  
  118  7:37  Marine  
  118  7:41  Marauder  
  118  7:43  Marine  
  117  7:45  SCV  
  117  7:46  SCV  
  117  7:50  Marine, Supply Depot  
  116  7:51  Marauder  
  115  8:02  Marauder  
  115  8:04  Orbital Command, Siege Tank, Barracks Tech Lab  
  115  8:05  Marine x2  
  122  8:06  Liberator x2  
  122  8:10  SCV x2  
  103  8:12  Marauder  
  99  8:24  Marauder, Barracks Tech Lab  
  99  8:25  Marauder  
  99  8:26  Terran Infantry Armor Level 1  
  104  8:28  SCV x2  
  104  8:32  Marine x2  
  104  8:34  Marauder, Orbital Command  
  110  8:36  Siege Tank  
  110  8:40  SCV x2  
  115  8:43  Marauder  
  115  8:45  Marauder, Marine  
  120  8:49  Liberator  
  120  8:50  Marine x2  
  120  8:52  SCV  
  120  8:55  Marine, Refinery x2  
  115  9:03  Marine  
  115  9:05  Marauder  
  115  9:07  Marauder, Marine  
  115  9:08  Marine  
  103  9:13  Liberator  
  103  9:25  Marine  
  104  9:35  Siege Tank  
  104  9:38  Marauder  
  109  9:44  Liberator  
  109  9:45  Marauder x2  
  112  9:48  Marine  
  112  9:50  Marauder  
  114  9:57  Marine  
  114  9:59  Marine  
  116  10:06  Concussive Shells, Marine  
  116  10:07  Marine x2  
  120  10:11  Supply Depot, Marine  
  123  10:15  Marine  
  124  10:25  Marine  
  124  10:26  Supply Depot  
  125  10:30  Liberator  
  125  10:33  Marauder x3, Marine  
  132  10:36  Marine  
  136  10:51  Marauder  
  136  10:54  Liberator  
  136  10:55  Marauder x3, Marine x2  
  94  11:12  Marauder  
  94  11:13  Marine x2  
  94  11:16  Marauder  
  100  11:24  Marauder x2  
  74  11:34  Marauder  
  74  11:35  SCV  
  74  11:37  Marauder  
  74  11:39  SCV x2  
  80  11:46  Marauder  
  80  11:47  SCV  
  80  11:50  Medivac  
  80  11:51  SCV x2  
  80  11:54  Medivac  
  86  12:02  Marauder x2  
  86  12:04  Marauder  
  86  12:07  Marauder  
Show
View Real Time Build Order
Export as new Build Order

DnS Protoss - Winner!

Build Orders: 1 Gate Expand, Colossus Rush 

Get SALT Encoding   

  12  0:00  Probe  
  13  0:13  Probe  
  14  0:18  Pylon  
  14  0:24  Probe  
  15  0:32  Probe  
  15  0:38  Gateway  
  15  0:40  Probe  
  16  0:46  Assimilator  
  17  0:51  Probe  
  18  1:03  Probe  
  19  1:15  Probe  
  20  1:24  Nexus  
  20  1:32  Cybernetics Core  
  20  1:35  Probe  
  21  1:47  Probe  
  21  1:48  Assimilator  
  21  1:52  Pylon  
  22  1:59  Probe  
  22  2:00  Adept  
  23  2:08  Warp Gate  
  23  2:11  Probe  
  26  2:20  Stalker  
  26  2:24  Probe  
  27  2:32  Probe  
  27  2:36  Probe  
  31  2:40  Probe  
  31  2:48  Probe  
  31  2:50  Robotics Facility  
  31  2:51  Probe  
  33  2:52  Stalker  
  36  3:00  Probe  
  36  3:02  Probe  
  38  3:10  Probe  
  38  3:12  Probe  
  39  3:17  Gateway x2  
  39  3:18  Probe  
  40  3:24  Probe  
  42  3:29  Probe, Pylon  
  42  3:33  Observer  
  43  3:36  Probe  
  43  3:41  Assimilator, Probe  
  45  3:43  Assimilator  
  45  3:44  Pylon  
  46  3:48  Probe  
  46  3:49  Observer  
  46  3:53  Probe  
  49  3:56  Pylon  
  49  3:58  Stalker  
  49  4:00  Probe  
  52  4:06  Robotics Bay  
  52  4:07  Probe  
  53  4:12  Observer, Probe  
  55  4:19  Probe  
  55  4:25  Stalker x3, Probe  
  55  4:27  Observer, Pylon  
  62  4:38  Nexus  
  63  4:39  Colossus  
  63  4:43  Probe x2  
  64  4:58  Probe  
  70  5:02  Probe  
  69  5:09  Sentry, Adept x2  
  69  5:11  Observer, Probe, Pylon  
  76  5:14  Probe  
  76  5:20  Colossus, Extended Thermal Lance, Observer  
  76  5:23  Probe  
  76  5:26  Pylon  
  77  5:30  Probe  
  78  5:39  Probe  
  78  5:42  Probe  
  86  5:48  Forge  
  86  5:51  Twilight Council, Probe  
  86  5:52  Probe  
  86  5:54  Probe  
  89  6:03  Probe  
  90  6:10  Charge, Observer  
  90  6:12  Colossus  
  90  6:15  Probe  
  94  6:26  Probe  
  94  6:27  Protoss Ground Weapons Level 1  
  94  6:29  Shield Battery  
  95  6:38  Probe  
  96  6:40  Stalker x2, Gateway  
  96  6:41  Stalker, Gateway  
  96  6:45  Gateway  
  101  6:48  Gateway  
  101  6:49  Gateway  
  101  6:56  Probe x3  
  101  6:58  Pylon  
  104  7:04  Zealot  
  104  7:05  Zealot  
  104  7:07  Pylon  
  108  7:11  Colossus, Pylon  
  108  7:17  Zealot  
  116  7:33  Zealot x2  
  118  7:40  Zealot x4  
  115  7:47  Zealot x2  
  117  7:54  Zealot x2  
  117  7:57  Warp Prism  
  113  8:00  Zealot x2  
  113  8:01  Zealot x2  
  122  8:06  Probe  
  105  8:14  Zealot x2  
  105  8:15  Zealot x2  
  105  8:17  Protoss Ground Armor Level 1  
  105  8:18  Probe x2  
  113  8:21  Templar Archives  
  113  8:22  Pylon  
  113  8:26  Sentry x3  
  119  8:27  Zealot  
  121  8:35  Pylon  
  121  8:36  Zealot x4  
  121  8:39  Blink  
  129  8:42  Assimilator  
  129  8:55  Zealot x4  
  137  8:58  Zealot  
  137  8:59  Zealot x2  
  132  9:03  Zealot  
  123  9:20  Psionic Storm  
  123  9:21  Immortal  
  127  9:24  Pylon  
  127  9:27  Probe x2, Pylon  
  125  9:36  Assimilator  
  125  9:42  Probe x3  
  128  9:46  High Templar x3  
  132  9:54  Immortal, Probe x3  
  132  9:58  Pylon  
  132  9:59  High Templar, Pylon  
  141  10:08  Pylon  
  141  10:14  Protoss Ground Armor Level 2, Pylon  
  141  10:15  Pylon  
  141  10:16  Probe  
  142  10:21  Zealot  
  142  10:22  Zealot x3  
  142  10:25  Pylon  
  148  10:29  Stalker x2  
  148  10:34  Stalker  
  154  10:37  Stalker  
  154  10:42  Stalker x2  
  158  10:47  Stalker  
  118  11:01  Stalker x3  
  118  11:02  Stalker  
  92  11:07  Stalker x2  
  92  11:09  Stalker  
  94  11:11  Stalker  
  95  11:24  Stalker x3  
  95  11:25  Stalker  
  91  11:35  Zealot x4  
  95  11:40  Immortal  
  95  11:47  High Templar x2  
  95  11:48  Zealot, Sentry  
  95  11:52  Archon  
  107  11:55  Stalker  
  107  11:56  Stalker  
  111  12:07  Zealot  
  113  12:15  Nexus  
  113  12:18  Sentry  
  115  12:29  High Templar  
  121  12:30  Zealot x2  
Tags
 
Add a new tag
Caveats
  • Supply blocks, unpowered buildings, or Contaminate may cause inaccurate times.
  • Supply counts are checked every 10 seconds.